 Dungeon Sprint DCSS version 0.26-a0-1079-g3a4175ecf3 (webtiles) character file.

Game seed: 17552706712231479164

212 Adamkad1 the Blocker (level 6, 53/53 HPs)
             Began as a Formicid Fighter on Dec 14, 2020.
             Quit the game in the Dungeon (Sprint V: "Ziggurat Sprint").
             The game lasted 00:01:37 (296 turns).

Adamkad1 the Blocker (Formicid Fighter)              Turns: 296, Time: 00:01:38

Health: 53/53      AC: 27    Str: 29    XL:     6   Next: 14%
Magic:  6/6        EV:  2    Int:  7    God:
Gold:   0          SH: 31    Dex: 10    Spells: 5/5 levels left

rFire    + . .     SeeInvis +   C - +7 Singing Sword {vorpal, sonic wave}
rCold    . . .     Faith    .   B - +18 shield of the Gong {rElec rN+ Will+ EV-5}
rNeg     + . .     Spirit   .   k - +15 Maxwell's patent armour {-Cast -Tele rElec Will+ rCorr}
rPois    .         Reflect  .   (helmet unavailable)
rElec    +         Harm     .   (no cloak)
rCorr    +         Rampage  .   (no gloves)
Will     ++...     NoCast   +   (no boots)
Stlth    ..........             F - amulet of the acrobat
HPRegen  0.17/turn              z - +6 ring of strength
MPRegen  0.10/turn              H - ring of protection from fire

@: studying Maces & Flails
A: permanent stasis, dig shafts and tunnels, four strong arms, antennae 3
a: Dig


You were in the Dungeon.
You visited 1 branch

Inventory:

Hand Weapons
 a - a +0 long sword
 C - the +7 Singing Sword (weapon) {vorpal, sonic wave}
   (You found it in the Dungeon)

   It inflicts extra damage upon your enemies.
Armour
 b - a +0 scale mail
 c - a +0 kite shield
 k - the +15 Maxwell's patent armour (worn) {-Cast -Tele rElec Will+ rCorr}
   (You found it in the Dungeon)

   It insulates you from electricity.
   It affects your willpower, your defense against some magical effects.
   It prevents spellcasting.
   It prevents most forms of teleportation.
   It provides partial protection from all sources of acid and corrosion.
 B - the +18 shield of the Gong (worn) {rElec rN+ Will+ EV-5}
   (You found it in the Dungeon)

   It affects your evasion (-5).
   It insulates you from electricity.
   It protects you from negative energy.
   It affects your willpower, your defense against some magical effects.
 D - +5 gold dragon scales
Jewellery
 u - an uncursed ring of flight
 v - a +6 ring of dexterity
 w - a +6 ring of dexterity
 x - a +6 ring of intelligence
 y - a +6 ring of intelligence
 z - a +6 ring of strength (left hand)
 A - a +6 ring of strength
 F - an amulet of the acrobat (around neck)
 G - a +6 ring of intelligence
 H - a ring of protection from fire (right hand)
Wands
 r - a wand of disintegration (7)
 s - a wand of iceblast (7)
 t - a wand of acid (7)
Scrolls
 l - 4 scrolls of amnesia
 m - 7 scrolls of fog
 n - a scroll of holy word
 o - 5 scrolls of identify
 p - 5 scrolls of remove curse
 q - 2 scrolls of fear
Potions
 d - 6 potions of might
 e - 10 potions of curing
 f - 10 potions of heal wounds
 g - 7 potions of magic
 h - 2 potions of brilliance
 i - 2 potions of invisibility
 j - 4 potions of resistance
Books
 E - a manual of Maces & Flails


   Skills:
 + Level 6.3 Fighting
 + Level 5.2 Long Blades
 + Level 6.3 Armour
 + Level 11.1 Shields


You had 5 spell levels left.
You didn't know any spells.
Your spell library was empty.

Dungeon Overview and Level Annotations

Branches:
Dungeon (1/1)

Altars:
Ashenzari
Cheibriados
Dithmenos
Elyvilon
Fedhas
Gozag
Hepliaklqana
Kikubaaqudgha
Makhleb
Nemelex Xobeh
Okawaru
Qazlal
Ru
Sif Muna
Trog
Uskayaw
Vehumet
Wu Jian
Xom
Yredelemnul
Zin
The Shining One
Beogh
Jiyva
Lugonu

Annotations:
D 1 transporter


Innate Abilities, Weirdness & Mutations

You cannot be hasted, slowed, berserked, paralysed or teleported.
You can dig through walls and to a lower floor.
Your four strong arms can wield two-handed weapons with a shield.
You have a pair of large antennae on your head. (SInv)


Message History

You closely miss the scorpion. You block the scorpion's attack.
SHROANNG!
You slice the scorpion!!
You kill the scorpion!
You block the scorpion's attack.
GONNNNG!
You block the scorpion's attack.
PTOANNNG!
Your Fighting skill increases to level 6!
Your Long Blades skill increases to level 5!
Your Armour skill increases to level 6!
Your Shields skill increases to level 11!
You have reached level 6!
Your experience leads to an increase in your attributes!
Your base attributes are Str 22, Int 7, Dex 10.
Increase (S)trength, (I)ntelligence, or (D)exterity?
You feel stronger.
Unknown command.
You are not religious.
Are you sure you want to abandon this character and quit the game? (Confirm with "yes".)

▓.....▓.....▓..©..▓
▓..©..▓..©..▓▓▓▓▓▓▓
▓▓▓▓▓▓▓▓▓▓▓▓▓▓
▓..8©8...▓
▓..:="...▓ {{{
▓...}....▓ { {
▓........▓
▓..sss...▓
▓.▓.@..▓.▓
▓...©....▓
▓▓▓▓▓▓▓▓▓▓


{{{{ {{{ You could see 3 scorpions.

Vanquished Creatures
  A hell hound (D)
  A scorpion (D)
  An iron imp (D)
  2 adders (D)
  An adder zombie (D)
  3 ball pythons (D)
  A bat skeleton (D)
10 creatures vanquished.

Notes
Turn   | Place    | Note
-------+----------+-------------------------------------------
     0 | D        | Adamkad1 the Formicid Fighter began the quest for the Orb.
     0 | D        | Reached XP level 1. HP: 18/18 MP: 1/1
     0 | D        | Found a shimmering blue altar of Sif Muna.
     0 | D        | Found a bloodstained altar of Trog.
     0 | D        | Found a sacrificial altar of Ru.
     0 | D        | Found a stormy altar of Qazlal.
     0 | D        | Found an iron altar of Okawaru.
     1 | D        | Found a sparkling altar of Nemelex Xobeh.
     1 | D        | Found a blossoming altar of Fedhas.
     2 | D        | Found the +6 Majin-Bo {vamp, MP+6 Int+6}
     2 | D        | Found the +9 heavy crossbow "Sniper" {vorpal, Acc+∞ SInv}
     2 | D        | Found the +10 dark maul {vorpal}
     2 | D        | Found the +15 Maxwell's patent armour {-Cast -Tele rElec
                  | Will+ rCorr}
     2 | D        | Found the +18 shield of the Gong {rElec rN+ Will+ EV-5}
     2 | D        | Found the cursed +14 obsidian axe {vorpal, +Fly SInv
                  | *Curse}
     2 | D        | Found the +7 great mace "Firestarter" {inner flame, rF++}
     2 | D        | Found the +6 shillelagh "Devastator" {shatter}
     2 | D        | Found the +11 plutonium sword {*Contam Stlth-}
     2 | D        | Found the +8 lance "Wyrmbane" {slay drac, rPois rF+ rC+
                  | AC+3}
     2 | D        | Found the +9 sword of Zonguldrok {reap}
     2 | D        | Found the cursed +13 scythe of Curses {drain, *Curse}
     2 | D        | Found the +0 sword of Power
     2 | D        | Found the +7 mace of Variability {chain chaos}
     2 | D        | Found the +7 Singing Sword {vorpal, sonic wave}
     2 | D        | Found the +8 storm bow {elec, penet}
     3 | D        | Found a transporter.
     3 | D        | Found an ancient bone altar of Kikubaaqudgha.
     3 | D        | Found a viscous altar of Jiyva.
     3 | D        | Found a corrupted altar of Lugonu.
     3 | D        | Found a hazy altar of Hepliaklqana.
     3 | D        | Found a burning altar of Makhleb.
     3 | D        | Found an opulent altar of Gozag.
    78 | D        | Reached skill level 9 in Shields
    78 | D        | Reached XP level 2. HP: 24/24 MP: 2/2
   103 | D        | Entered arena 2.
   103 | D        | Found a transporter.
   112 | D        | Entered arena 3.
   112 | D        | Found a transporter.
   116 | D        | Reached XP level 3. HP: 30/30 MP: 3/3
   136 | D        | Entered arena 4.
   136 | D        | Noticed a hell hound
   136 | D        | Found a transporter.
   140 | D        | Reached skill level 10 in Shields
   140 | D        | Reached XP level 4. HP: 37/38 MP: 4/4
   142 | D        | Killed a hell hound
   143 | D        | Reached skill level 5 in Fighting
   143 | D        | Reached skill level 5 in Armour
   143 | D        | Reached XP level 5. HP: 25/46 MP: 5/5
   292 | D        | Entered arena 5.
   292 | D        | Found a transporter.
   296 | D        | Reached skill level 5 in Long Blades
   296 | D        | Reached skill level 11 in Shields
   296 | D        | Reached XP level 6. HP: 53/53 MP: 6/6
   296 | D        | Quit the game

Illustrated notes

Levels and vault maps discovered:
D:        sprint_v [room_start, room_1, room_2, room_3, room_4, room_5, room_6,
          room_7, room_8, room_9, room_10, room_11, room_12, room_13, room_14,
          room_15, room_16, room_17, room_18, room_19, room_20, room_21,
          room_22, room_23, room_24, room_25, room_26, room_27]

Skill      XL: |  1  2  3  4  5 |
---------------+----------------+-----
Shields        | 9 10 11 | 11.1
Fighting       | 4 5 6 |  6.3
Long Blades    | 3 4 5 |  5.2
Armour         | 4 5 6 |  6.3

Action                   |  1- 3 |  4- 6 || total
-------------------------+-------+-------++-------
Melee: Double sword      |     9 |     5 ||    14
  Use: Potion            |     1 |       ||     1
Block: Kite shield       |    17 |     6 ||    23

Table legend: (Time is in decaauts)
 A = Elapsed time spent in this place.
 B = Non-inter-level travel time spent in this place.
 C = Inter-level travel time spent in this place.
 D = Time resting spent in this place.
 E = Time spent auto-exploring this place.
 F = Levels seen in this place.
 G = Mean time per level.
                   A        B        C        D        E       F      G
               +--------+--------+--------+--------+--------+-----+--------+
         Total |    298 |    298 |      0 |    138 |      0 |   1 |  298.0 |
       Dungeon |    298 |    298 |      0 |    138 |      0 |   1 |  298.0 |
               +--------+--------+--------+--------+--------+-----+--------+

Top non-repeatable levels by time:
       D: 298 daAuts
